 Dungeon Crawl Stone Soup version 0.21-a0-504-g2eda33064f (webtiles) character file.

138 Kaname the Magician (level 5, -1/35 HPs)
             Began as a Demonspawn Wizard on Nov 25, 2017.
             Slain by Grinder (6 damage)
             ... on level 4 of the Dungeon.
             The game lasted 00:10:07 (3485 turns).

Kaname the Magician (Demonspawn Wizard)             Turns: 3485, Time: 00:10:08

Health: -1/35      AC:  2    Str:  7    XL:     5   Next: 1%
Magic:  9/9        EV: 12    Int: 20    God:
Gold:   214        SH:  0    Dex: 12    Spells: 1/10 levels left

rFire    . . .     SeeInvis .   r - +0 flail (crush)
rCold    . . .     Gourm    .   (no shield)
rNeg     . . .     Faith    .   a - +0 robe
rPois    .         Spirit   .   b - +0 hat
rElec    .         Reflect  .   g - scarf {cloud immunity}
rCorr    .         Harm     .   (no gloves)
MR       .....                  (no boots)
Stlth    ++........             p - amulet of regeneration
HPRegen  0.51/turn              (no ring)
MPRegen  0.11/turn              (no ring)

@: no status effects
A: claws 1
a: no special abilities


You were on level 4 of the Dungeon.
You were not hungry.

You visited 1 branch of the dungeon, and saw 4 of its levels.

You collected 214 gold pieces.

Inventory:

Hand Weapons
 e - a +0 spear
 q - a +0 short sword
 r - a +0 flail of crushing (weapon)
Armour
 a - a +0 robe (worn)
 b - a +0 hat (worn)
 g - a scarf of cloud immunity (worn)
Jewellery
 p - an amulet of regeneration (around neck)
Scrolls
 i - 2 scrolls of remove curse
 k - a scroll of fear {unknown}
 s - a scroll of enchant armour {unknown}
Potions
 h - a potion of invisibility
 j - a potion of lignification {unknown}
 m - a potion of cancellation {unknown}
 n - a potion of degeneration {unknown}
 o - a potion of agility {unknown}
Comestibles
 c - a chunk of flesh
 d - 3 bread rations
 f - 3 fruits


   Skills:
 + Level 2.4 Short Blades
 - Level 1.7 Dodging
 - Level 1.7 Stealth
 - Level 3.0 Spellcasting
 - Level 3.0 Conjurations
   Level 1.0 Summonings
 - Level 1.0 Translocations
 * Level 1.8 Air Magic


You had one spell level left.
You knew the following spells:

 Your Spells              Type           Power        Failure   Level  Hunger
a - Magic Dart            Conj           ###.         4%          1    None
b - Blink                 Tloc           N/A          14%         2    ##.....
c - Mephitic Cloud        Conj/Pois/Air  #.......     22%         3    ###....
d - Conjure Flame         Conj/Fire      #.......     22%         3    ###....


Dungeon Overview and Level Annotations

Branches:
Dungeon (4/15)
 Temple: D:4-7

Altars:
Ashenzari
Gozag
Wu Jian

Annotations:
D:4 Grinder


Innate Abilities, Weirdness & Mutations

You have sharp fingernails.


Message History

* * * LOW HITPOINT WARNING * * *
Unknown command.
You feel better. Grinder hits you!
* * * LOW HITPOINT WARNING * * *
You writhe in agony.
* * * LOW HITPOINT WARNING * * *
You feel better.
Grinder says, "Just stop there for a second..."
Grinder blinks!
Okay, then.
Press: ? - help, v - describe, . - travel
Here: Grinder The floor.
Okay, then.
Unknown command.
Okay, then.
You feel better. Grinder hits you!
* * * LOW HITPOINT WARNING * * *
You writhe in agony.
You die...

.......#
#......+
#......#
#......#
#......#
#.$....#
####+#.5....#
#.....@.....#
#.....#+#####.
+.....'.......
#.....#.......
###.....#....###
........###+##..
................
................
................


You could see Grinder.

Vanquished Creatures
  Jessica (D:2)
  2 adders (D:3)
  A worm (D:3)
  4 dart slugs
  3 leopard geckos
  9 orcs (D:3)
  A ball python (D:1)
  6 giant cockroaches
  9 hobgoblins
  4 jackals (D:2)
  11 bats
  2 frilled lizards
  5 goblins
  5 kobolds
  8 rats
71 creatures vanquished.

Notes
Turn   | Place    | Note
-------+----------+-------------------------------------------
     0 | D:1      | Kaname the Demonspawn Wizard began the quest for the Orb.
     0 | D:1      | Reached XP level 1. HP: 13/13 MP: 4/4
   335 | D:1      | Gained mutation: You have sharp fingernails. [demonic ancestry]
   335 | D:1      | Reached XP level 2. HP: 6/19 MP: 0/6
  1003 | D:1      | Reached XP level 3. HP: 24/24 MP: 5/7
  1132 | D:2      | Noticed Jessica
  1139 | D:2      | Killed Jessica
  1139 | D:2      | Reached skill level 1 in Short Blades
  1311 | D:2      | Found an opulent altar of Gozag.
  1319 | D:2      | Found an ornate altar of the Wu Jian Council.
  1346 | D:2      | Found a shattered altar of Ashenzari.
  1388 | D:2      | Learned a level 2 spell: Blink
  1406 | D:2      | HP: 1/24 [jackal (2)]
  1418 | D:2      | Reached skill level 1 in Translocations
  1418 | D:2      | Reached XP level 4. HP: 24/30 MP: 1/8
  1423 | D:2      | Learned a level 3 spell: Mephitic Cloud
  1427 | D:2      | Learned a level 3 spell: Conjure Flame
  2729 | D:3      | Reached skill level 1 in Air Magic
  3337 | D:3      | Reached XP level 5. HP: 35/35 MP: 7/9
  3473 | D:4      | Noticed Grinder
  3474 | D:4      | Paralysed by Grinder for 6 turns
  3485 | D:4      | Slain by Grinder

Vault maps used:
D:1:      zelgadis_glass_arrival_small
D:2:      grunt_temple_overflow_open, first_bread, evilmike_ruin_ashenzari,
          uniq_jessica
D:3:      serial_bayou_lagoon_a
D:4:      hangedman_decor_peaks_small, uniq_grinder

Skill      XL: |  1  2  3  4 |
---------------+-------------+-----
Conjurations   | 2 3 |  3.0
Short Blades   | 2 |  2.4
Translocations | 1 |  1.0
Air Magic      | 1 |  1.8
Dodging        | |  1.7
Stealth        | |  1.7
Spellcasting   | |  3.0
Summonings     | |  1.0

Action                   |  1- 3 |  4- 6 || total
-------------------------+-------+-------++-------
Melee: Unarmed           |    41 |       ||    41
       Dagger            |    54 |       ||    54
       Spear             |       |    44 ||    44
       Short sword       |       |    20 ||    20
       Flail             |       |     8 ||     8
 Cast: Magic Dart        |    72 |    76 ||   148
  Use: Potion            |     1 |     3 ||     4
       Scroll            |       |     3 ||     3
 Stab: Sleeping          |     1 |     1 ||     2
  Eat: Chunk             |     1 |     7 ||     8
Armor: Robe              |    29 |     4 ||    33
Dodge: Dodged            |    79 |    42 ||   121

Table legend:
 A = Spawn XP
 B = Non-spawn XP
 C = Spawn XP percentage of total XP
 D = Spawn monster count
 E = Non-spawn monster count
 F = Spawn count percentage of total count
 G = Total turns spent on level
                    A         B        C        D         E        F      G
               +---------+---------+-------+---------+---------+-------+---------
         Total |       0 |     198 |   0.0 |       0 |      71 |   0.0 |  3485
               +---------+---------+-------+---------+---------+-------+---------
           D:1 |       0 |      41 |   0.0 |       0 |      21 |   0.0 |  1132
           D:2 |       0 |      75 |   0.0 |       0 |      23 |   0.0 |  1313
           D:3 |       0 |      82 |   0.0 |       0 |      27 |   0.0 |  1017
               +---------+---------+-------+---------+---------+-------+---------
